 Dungeon Crawl Stone Soup version 0.18-a0-1631-ga707108 (webtiles) character file.

980 Geeful the Insei (level 8, -2/48 HPs)
             Began as an Octopode Transmuter on Mar 25, 2016.
             Was an Initiate of Dithmenos.
             Slain by an orc priest
             ... wielding a +0 hand axe
              (9 damage)
             ... on level 6 of the Dungeon.
             The game lasted 00:17:31 (5790 turns).

Geeful the Insei (Octopode Transmuter)              Turns: 5790, Time: 00:17:32

Health: -2/48      AC:  2    Str:  9    XL:     8   Next: 17%
Magic:  12/14      EV: 20    Int: 15    God:    Dithmenos [......]
Gold:   177        SH:  0    Dex: 20    Spells: 3 memorised, 9 levels left

rFire  . . .     SeeInvis .       - Unarmed
rCold  . . .     Gourm    .     (shield currently unavailable)
rNeg   + . .     Faith    .     (helmet currently unavailable)
rPois  x         Spirit   .     (no amulet)
rElec  .         Dismiss  .     k - ring of positive energy
rCorr  .         Reflect  .     (no ring)
SustAt .         Harm     .     (no ring)
MR     .....                    (no ring)
Stlth  ++........               (no ring)
                                (no ring)
                                (no ring)
                                (no ring)

@: spider-form (expiring), not resistant to hostile enchantments, unstealthy
A: almost no armour, (amphibious), 8 rings, (constrict 8), (camouflage 0),
(gelatinous body 0)
a: End Transformation, Renounce Religion


You were on level 6 of the Dungeon.
You worshipped Dithmenos.
Dithmenos was noncommittal.
You were hungry.
You were a venomous arachnid creature.
You visited 2 branches of the dungeon, and saw 7 of its levels.
You also visited: Sewer.

You collected 177 gold pieces.

Inventory:

Hand Weapons
 u - a +1 dagger of venom
Missiles
 a - 50 arrows
 f - 45 poisoned needles
 i - 2 throwing nets (quivered)
 t - 6 poisoned javelins
Jewellery
 k - a ring of positive energy (left front leg)
Wands
 e - a wand of confusion (34/48)
 q - a wand of paralysis (12/24)
 x - a wand of polymorph (11/24)
Scrolls
 g - 3 scrolls of recharging
 l - a scroll of acquirement {unknown}
 o - 2 scrolls of noise
 p - a scroll of immolation
 y - 3 scrolls of remove curse {unknown}
 A - a scroll of fog {unknown}
Potions
 d - 3 potions of haste
 h - a potion of ambrosia
 r - a potion of cancellation {unknown}
 z - a potion of berserk rage {unknown}
Books
 b - a book of Changes

   Spells                             Type                      Level
   a - Beastly Appendage              Transmutation                1
   b - Sticks to Snakes               Transmutation                2
   c - Spider Form                    Transmutation/Poison         3
   d - Ice Form                       Ice/Transmutation            4
   e - Blade Hands                    Transmutation                5
 j - a book of the Warp

   Spells                             Type                      Level
   a - Recall                         Summoning/Translocation      3
   b - Gell's Gravitas                Hexes/Translocation          3
   c - Force Lance                    Conjuration/Translocation    4
   d - Warp Weapon                    Charms/Translocation         5
   e - Summon Forest                  Summoning/Translocation      5
 s - a book of Geomancy

   Spells                             Type                      Level
   a - Sandblast                      Earth                        1
   b - Passwall                       Transmutation/Earth          2
   c - Stone Arrow                    Conjuration/Earth            3
   d - Petrify                        Transmutation/Earth          4
   e - Lee's Rapid Deconstruction     Earth                        5
Comestibles
 c - 4 bread rations
 m - 3 meat rations
 n - 3 fruits


   Skills:
 - Level 1.0 Fighting
 - Level 2.0 Dodging
 * Level 6.7 Unarmed Combat
 + Level 4.1 Spellcasting
 * Level 5.9 Transmutations


You had 9 spell levels left.
You knew the following spells:

 Your Spells              Type           Power        Failure   Level  Hunger
a - Beastly Appendage     Trmt           ###...       8%          1    None
b - Sticks to Snakes      Trmt           ###.....     10%         2    ##.....
c - Spider Form           Trmt/Pois      ##........   41%         3    ###....


Dungeon Overview and Level Annotations

Branches:
Dungeon (6/15)             Temple (1/1) D:6

Altars:
Ashenzari
Cheibriados
Dithmenos
Elyvilon
Gozag
Kikubaaqudgha
Makhleb
Pakellas
Qazlal
Ru
Sif Muna
Trog
Vehumet
Xom
Yredelemnul
Zin

Shops:
D:4 }   D:5 %

Annotations:
D:6 Prince Ribbit


Innate Abilities, Weirdness & Mutations

You cannot wear most types of armour.
((You are amphibious.))
You can wear up to eight rings at the same time.
((You can use your tentacles to constrict eight enemies at once.))
((Your skin changes colour to match your surroundings (Stealth).))
((Your rubbery body absorbs attacks (AC +1).))


Message History

The orc wizard completely misses you.
The orc priest invokes the aid of Beogh against you.
You struggle to resist.
You closely miss the orc wizard.
Your transformation is almost over.
The orc wizard barely misses you.
You barely miss the orc wizard.
The orc wizard hits you but does no damage.
The orc wizard completely misses you.
The orc priest mumbles some strange prayers to Beogh against you.
Beogh smites you!
* * * LOW HITPOINT WARNING * * *
You completely miss the orc priest. The orc wizard misses you.
You bite the orc priest!
The orc priest is severely wounded.
The orc wizard gestures at you while chanting.
The magic dart hits you!
* * * LOW HITPOINT WARNING * * *
The orc priest hits you with a hand axe!
You die...

..............#......
..............#......
..............#......
+########..##...###...##
.......##..###### #+###.
......#.8.#.# #.
............# #.
......8.>.8.# +.
...>...so)..+ #.
......#o8.#.# #.
...........## #.
.......#...# #.
.......#...#
#.....##...# #.....
....# #..... ...# #..F..
...#


You could see an orc priest and an orc wizard.

Vanquished Creatures
  A phantom (D:4)
  Purgy (Sewer)
  A sky beast (D:6)
  An ogre (D:4)
  2 crimson imps
  An orc priest (D:4)
  A giant frog zombie (D:5)
  A hound (D:6)
  2 giant frog skeletons
  5 orc wizards
  A worker ant (D:5)
  A howler monkey skeleton (D:6)
  3 gnolls (D:3)
  8 adders
  An ooze (D:1)
  A worm (D:2)
  A dart slug (D:3)
  5 giant geckos
  17 orcs
  13 bats
  11 giant cockroaches
  8 goblins
  5 hobgoblins
  4 jackals
  12 kobolds
  A quokka (D:2)
  4 ball pythons
  7 giant newts
  8 rats
127 creatures vanquished.

Notes
Turn   | Place    | Note
--------------------------------------------------------------
     0 | D:1      | Geeful the Octopode Transmuter began the quest for the Orb.
     0 | D:1      | Reached XP level 1. HP: 13/13 MP: 3/3
    83 | D:1      | Reached XP level 2. HP: 12/18 MP: 3/5
   683 | D:1      | Reached XP level 3. HP: 20/23 MP: 4/6
  1879 | D:2      | Reached XP level 4. HP: 12/28 MP: 5/7
  2281 | D:2      | Learned a level 2 spell: Sticks to Snakes
  2285 | D:2      | Learned a level 3 spell: Spider Form
  2462 | D:2      | Reached skill level 4 in Unarmed Combat
  2620 | D:2      | Found a bloodstained altar of Trog.
  2719 | D:3      | Reached XP level 5. HP: 22/33 MP: 6/9
  3523 | D:4      | Found Nuonaong's Gadget Shoppe.
  3576 | D:4      | Reached skill level 5 in Unarmed Combat
  3576 | D:4      | Reached XP level 6. HP: 36/38 MP: 4/10
  4105 | D:4      | Noticed a phantom
  4140 | D:4      | Killed a phantom
  4140 | D:4      | Reached XP level 7. HP: 35/43 MP: 10/12
  4284 | D:5      | Entered Level 5 of the Dungeon
  4579 | D:5      | Found Nikky Ymy's Food Emporium.
  4589 | D:5      | Reached skill level 5 in Transmutations
  4808 | D:5      | Reached skill level 6 in Unarmed Combat
  4863 | D:5      | Found a glowing drain.
  4872 | Sewer    | Entered a sewer
  5078 | Sewer    | Noticed Purgy
  5101 | Sewer    | Killed Purgy
  5634 | D:6      | Found a staircase to the Ecumenical Temple.
  5643 | D:6      | Reached XP level 8. HP: 34/48 MP: 13/13
  5648 | Temple   | Entered the Ecumenical Temple
  5735 | Temple   | Became a worshipper of Dithmenos the Shadowed
  5784 | D:6      | Noticed Prince Ribbit
  5790 | D:6      | Slain by an orc priest

Vault maps used:
D:1:      dpeg_arrival_long_road, hangedman_decor_points, minmay_surrounded
D:2:      minmay_kobold_bridge, first_bread, trog_three_pillars_becter
D:4:      wad_lake_hut, serial_shops, nicolae_shop_crystal,
          minmay_stone_trees_medium, minmay_strange_pillars,
          columned_hall_lemuel
D:5:      serial_shops, nicolae_shop_crystal, portal_sewer_entry_e
D:6:      minmay_temple_entry_statues_pillars, uniq_prince_ribbit1
Temple:   kilobyte_greek_temple_18
Sewer:    sewer_big_baddie

Skill      XL: |  1  2  3  4  5  6  7  8 |
---------------+-------------------------+-----
Transmutations | 3 4 5 |  5.9
Unarmed Combat | 4 5 6 |  6.7
Spellcasting   | 3 4 |  4.1
Fighting       | |  1.0
Dodging        | |  2.0

Action                   |  1- 3 |  4- 6 |  7- 9 || total
-------------------------+-------+-------+-------++-------
Melee: Unarmed           |    93 |   125 |   114 ||   332
 Cast: Beastly Appendage |    17 |     7 |     8 ||    32
       Spider Form       |       |     9 |     9 ||    18
Evoke: Wand              |       |    10 |     1 ||    11
  Use: Scroll            |     1 |     4 |     2 ||     7
       Potion            |       |     1 |       ||     1
 Stab: Sleeping          |     6 |     1 |     4 ||    11
       Confused          |       |     2 |     1 ||     3
  Eat: Chunk             |     3 |     8 |     5 ||    16
       Royal jelly       |       |       |     1 ||     1
